 Dungeon Crawl Stone Soup version 0.31-a0-152-g6aa68a64a1 (webtiles) character file.

Game seed: 12197950655825471455

398 jasper the Digger (level 6, -2/36 HPs)
             Began as an Octopode Earth Elementalist on June 9, 2023.
             Slain by a goblin
             ... wielding a +0 club
              (3 damage)
             ... on level 4 of the Dungeon.
             The game lasted 00:03:51 (3088 turns).

jasper the Digger (Octopode Earth Elementalist)     Turns: 3088, Time: 00:03:51

Health: -2/36      AC:  1    Str:  7    XL:     6   Next: 83%
Magic:  0/9        EV: 12    Int: 19    God:
Gold:   157        SH:  3    Dex: 13    Spells: 3/9 levels left

rFire   . . .        d - +2 spear (venom)
rCold   . . .        g - +0 buckler
rNeg    . . .        (helmet restricted)
rPois   .            (no amulet)
rElec   .            (no ring)
rCorr   .            (no ring)
SInv    .            (no ring)
Will    .....        (no ring)
Stlth   +++          (no ring)
HPRegen 0.26/turn    (no ring)
MPRegen 0.11/turn    (no ring)
                     (no ring)

%: no passive effects
@: no status effects
A: almost no armour, amphibious, 8 rings, camouflage 1, gelatinous body 1,
(nimble swimmer 1), tentacles
a: no special abilities


You were on level 4 of the Dungeon.
You visited 1 branch of the dungeon, and saw 4 of its levels.

You collected 157 gold pieces.

Inventory:

Hand Weapons
 d - a +2 spear of venom (weapon)
Armour
 g - a +0 buckler (worn)
Magical Staves
 j - a staff of conjuration
Wands
 h - a wand of flame (6)
Scrolls
 n - 2 scrolls of identify
 o - a scroll of noise {unknown}
Potions
 a - a potion of magic
 b - a potion of ambrosia {unknown}
 c - a potion of lignification
 e - 2 potions of brilliance
 f - 2 potions of mutation {unknown}
 i - 3 potions of enlightenment {unknown}
 k - 2 potions of heal wounds {unknown}
 l - a potion of might {unknown}
 m - a potion of curing {unknown}


   Skills:
 - Level 2.0 Dodging
 - Level 2.6 Stealth
 - Level 2.0 Spellcasting
 - Level 1.0 Transmutations
 + Level 7.5 Earth Magic


You had 3 spell levels left.
You knew the following spells:

 Your Spells              Type           Power      Damage    Failure   Level
a - Sandblast             Erth           60%        2d14      1%          1
b - Passwall              Tmut/Erth      15%        N/A       8%          2
c - Stone Arrow           Conj/Erth      32%        3d9       19%         3

Your spell library contained the following spells:

 Spells                   Type           Power      Damage    Failure   Level
 Ensorcelled Hibernation  Hex/Ice        2%         N/A       38%         2
 Spider Form              Tmut/Pois      3%         N/A       56%         3
 Petrify                  Tmut/Erth      18%        N/A       43%         4
 Anguish                  Hex/Necr       0%         N/A       95%         4


Dungeon Overview and Level Annotations

Branches:
Dungeon (4/15)
 Temple: D:4-7

Altars:
Hepliaklqana


Innate Abilities, Weirdness & Mutations

You cannot wear most types of armour.
You are amphibious.
You can wear up to eight rings at the same time.
Your skin changes colour to match your surroundings (Stealth+).
Your rubbery body absorbs attacks. (AC +1, EV +1)
((You are camouflaged when in or above water. (Stealth+)))
You have tentacles for arms and can constrict up to eight enemies at once.


Message History

You take 3 damage, and have 19/36 hp.
You now have 4/9 mp.
Aiming: Sandblast (safe; 1% risk of failure)
Press: ? - help, Q - select action, (/) - cycle Shift-Dir - straight line, f - goblin
Aim: a goblin, wielding a +0 club (80% to hit)
The blast of sand hits the goblin!
You kill the goblin!
A goblin comes into view. It is wielding a +0 club.
The goblin shoots a sling bullet.
The sling bullet barely misses you.
You now have 3/9 mp.
Aiming: Sandblast (safe; 1% risk of failure)
Press: ? - help, Q - select action, (/) - cycle Shift-Dir - straight line, f - kobold
Aim: a kobold, wielding a +0 club and quivering stones (80% to hit)
The blast of sand misses the kobold.
The blast of sand hits the hobgoblin!
You kill the hobgoblin!
A kobold comes into view. It is wielding a +0 short sword.
The goblin shoots a sling bullet.
The sling bullet barely misses you. You block the kobold's attack.
The kobold barely misses you. The gnoll closely misses you.
A kobold comes into view. It is wielding a +0 short sword.
The kobold hits you with a +0 short sword.
The kobold shouts!
You take 2 damage, and have 18/36 hp.
You now have 2/9 mp.
Aiming: Sandblast (safe; 1% risk of failure)
Press: ? - help, Q - select action, (/) - cycle Shift-Dir - straight line, f/p - kobold
Aim: a kobold, wielding a +0 club and quivering stones (80% to hit)
The blast of sand hits the kobold!
You kill the kobold!
The goblin shoots a sling bullet.
The sling bullet closely misses you. The kobold completely misses you.
The gnoll closely misses you.
You now have 1/9 mp.
Aiming: Sandblast (safe; 1% risk of failure)
Press: ? - help, Q - select action, (/) - cycle Shift-Dir - straight line, f - kobold
Aim: a kobold, wielding a +0 short sword (80% to hit)
The blast of sand hits the kobold but does no damage.
The kobold hits you with a +0 short sword.
The goblin closely misses you.
The gnoll hits you from afar with a +0 halberd!
* * * LOW HITPOINT WARNING * * *
The goblin hits you with a +0 club.
You die...

≈≈≈≈≈ ≈≈≈≈≈≈≈≈≈#####≈≈≈≈≈≈≈#
######### ########## #≈≈≈≈≈≈≈#
.)#.....## ##......# #≈≈≈≈≈≈≈#
.))......###.......# $#≈≈≈≈≈≈≈#
###.......#........##'##≈≈≈≈≈≈≈#
..........#........K..#≈≈≈≈≈≈≈##
...)......'......gg...#≈≈≈≈≈≈≈#
..........#.....KgKg..#≈≈≈≈≈≈≈#
###...^...#.....@gg##'##≈≈≈≈≈≈#
..'......###....g.)# #≈≈≈≈≈##
).#.....## ##......# #≈≈≈≈≈#
#################### #≈≈≈≈≈#
≈≈≈≈≈≈≈≈≈≈≈≈≈≈≈≈≈≈≈#####≈≈≈≈##
≈≈≈≈≈≈≈≈≈≈≈≈≈≈≈≈≈≈≈≈≈≈≈≈≈####
≈≈≈≈≈≈≈≈≈≈≈≈≈≈≈≈≈≈########
###################


You could see a gnoll, 2 hobgoblins, 4 goblins and 3 kobolds.

Vanquished Creatures
  Eustachio (D:4)
  An orc priest (D:3)
  An iguana (D:4)
  Terence (D:2)
  4 gnolls (D:4)
  4 adders
  2 worms
  3 dart slugs
  5 orcs
  2 bats (D:3)
  5 endoplasms
  3 giant cockroaches
  23 goblins
  11 hobgoblins
  3 kobolds
  A quokka (D:3)
  4 ball pythons
  2 frilled lizards
  4 rats
80 creatures vanquished.

Notes
Turn   | Place    | Note
-------+----------+-------------------------------------------
     0 | D:1      | jasper the Octopode Earth Elementalist began the quest for
                  | the Orb.
     0 | D:1      | Reached XP level 1. HP: 11/11 MP: 3/3
   119 | D:1      | You fall into a shaft and drop 1 floor!
   347 | D:2      | Noticed Terence
   422 | D:2      | Reached XP level 2. HP: 17/17 MP: 1/5
   439 | D:2      | Killed Terence
   440 | D:2      | Reached skill level 4 in Earth Magic
   440 | D:2      | Reached XP level 3. HP: 20/21 MP: 0/6
   443 | D:2      | Learned a level 2 spell: Passwall
   447 | D:2      | Learned a level 3 spell: Stone Arrow
   928 | D:2      | Reached XP level 4. HP: 27/27 MP: 1/7
  1075 | D:2      | Reached skill level 5 in Earth Magic
  1578 | D:3      | Reached XP level 5. HP: 13/31 MP: 0/8
  2050 | D:4      | Found a hazy altar of Hepliaklqana.
  2263 | D:4      | Noticed Eustachio
  2272 | D:4      | Killed Eustachio
  2273 | D:4      | Reached skill level 6 in Earth Magic
  2273 | D:4      | Reached XP level 6. HP: 24/36 MP: 6/9
  2546 | D:4      | Reached skill level 7 in Earth Magic
  3088 | D:4      | HP: 1/36 [gnoll/+0 halberd (15)]
  3088 | D:4      | Slain by a goblin

Illustrated notes

Levels and vault maps discovered:
D:1:      evilmike_arrival_crescent, layout_basic, basic_ecumenical_altar
D:2:      wander_river, layout_basic, uniq_terence
D:3:      layout_basic
D:4:      minmay_goblin_kobold_castle, layout_loops_cross,
          nzn_hepliaklqana_mist_gate, nrook_loot_triangle, uniq_eustachio

Skill      XL: |  1  2  3  4  5  6 |
---------------+-------------------+-----
Earth Magic    | 4 5 6 7 |  7.5
Dodging        | |  2.0
Stealth        | |  2.6
Spellcasting   | |  2.0
Transmutations | |  1.0

Action                     |  1- 3 |  4- 6 || total
---------------------------+-------+-------++-------
  Melee: Spear             |     4 |    14 ||    18
         Constrict         |     1 |     4 ||     5
         Tentacles         |       |     4 ||     4
   Cast: Sandblast         |    24 |    83 ||   107
    Use: Scroll            |       |     4 ||     4
   Stab: Sleeping          |     1 |       ||     1
 Armour: Skin              |       |     6 ||     6
  Dodge: Dodged            |     1 |    35 ||    36
  Block: Buckler           |       |    10 ||    10

Table legend: (Time is in decaauts)
 A = Elapsed time spent in this place.
 B = Non-inter-level travel time spent in this place.
 C = Inter-level travel time spent in this place.
 D = Time resting spent in this place.
 E = Time spent auto-exploring this place.
 F = Levels seen in this place.
 G = Mean time per level.
                   A        B        C        D        E       F      G
               +--------+--------+--------+--------+--------+-----+--------+
         Total |   3141 |   3090 |     51 |     14 |   2583 |   4 |  785.2 |
       Dungeon |   3141 |   3090 |     51 |     14 |   2583 |   4 |  785.2 |
               +--------+--------+--------+--------+--------+-----+--------+

Top non-repeatable levels by time:
     D:2: 1399 daAuts
     D:4: 1069 daAuts
     D:3: 552 daAuts
     D:1: 121 daAuts
